 Dungeon Crawl Stone Soup version 0.30-a0-365-ge7f957f1db (webtiles) character file.

Game seed: 7746163203197936035

7309 koil the Protected (level 10, -12/100 HPs)
             Began as a Troll Berserker on Nov 17, 2022.
             Was an Elder of Trog.
             Mangled by an orc warrior
             ... wielding a +0 glaive
              (17 damage)
             ... on level 9 of the Dungeon.
             The game lasted 00:20:10 (7714 turns).

koil the Protected (Troll Berserker)                Turns: 7714, Time: 00:20:11

Health: -12/100    AC:  8    Str: 31    XL:     10   Next: 90%
Magic:  9/9        EV: 11    Int:  3    God:    Trog [****..]
Gold:   1419       SH:  5    Dex:  9    Spells: 9/9 levels left

rFire   . . .      SeeInvis .      - Unarmed
rCold   . . .      Faith    .    (no shield)
rNeg    . . .      Spirit   .    a - +0 animal skin
rPois   +          Reflect  +    (helmet restricted)
rElec   .          Harm     .    w - +2 cloak
rCorr   .          Rampage  .    (gloves unavailable)
Will    .....                    (boots unavailable)
Stlth   +.........               c - amulet of reflection
HPRegen 1.16/turn                r - +4 ring of slaying
MPRegen 0.11/turn                H - ring of poison resistance

@: on berserk cooldown, slowed, very slow
A: large, unfitting armour, claws 3, regeneration 1, shaggy fur 1, tough skin 1
a: Renounce Religion, Berserk, Trog's Hand, Brothers in Arms


You were on level 9 of the Dungeon.
You worshipped Trog.
Trog was greatly pleased with you.
You visited 2 branches of the dungeon, and saw 10 of its levels.

You collected 1419 gold pieces.

Inventory:

Missiles
 b - a curare-tipped dart {!f}
 d - 18 poisoned darts (quivered)
 A - a throwing net {!f}
Armour
 a - a +0 animal skin (worn)
 w - a +2 cloak (worn)
Jewellery
 c - an amulet of reflection (around neck)
 e - a +6 ring of dexterity
 i - an amulet of regeneration
 o - a ring of see invisible
 r - a +4 ring of slaying (left claw)
 H - a ring of poison resistance (right claw)
Wands
 h - a wand of digging (5)
 t - a wand of mindburst (49)
 u - a wand of roots (15)
 F - a wand of quicksilver (7)
Scrolls
 f - 2 scrolls of teleportation
 g - 2 scrolls of enchant armour
 k - a scroll of enchant weapon
 l - a scroll of magic mapping
 v - a scroll of blinking
 y - a scroll of fear
 B - a scroll of silence
 C - 3 scrolls of summoning
Potions
 j - 2 potions of resistance
 m - 6 potions of curing
 n - 4 potions of haste
 q - 2 potions of heal wounds
 s - 2 potions of flight


   Skills:
 + Level 6.8 Fighting
 * Level 8.9 Armour
 + Level 6.8 Dodging
 + Level 8.2 Unarmed Combat


You had 9 spell levels left.
You didn't know any spells.
Your spell library was empty.

Dungeon Overview and Level Annotations

Branches:
Dungeon (9/15)             Temple (1/1) D:6            Lair (0/5) D:9
    Orc (0/2) D:9

Altars:
Ashenzari
Cheibriados
Elyvilon
Fedhas
Hepliaklqana
Kikubaaqudgha
Makhleb
Nemelex Xobeh
Okawaru
Qazlal
Trog
Uskayaw
Vehumet
Yredelemnul
Zin
The Shining One

Shops:
D:3 *   D:9 =

Annotations:
Temple 4 transporters


Innate Abilities, Weirdness & Mutations

You are too large for most types of armour.
You have claws for hands.
Your natural rate of healing is unusually fast.
You are covered in fur. (AC +1)
You have tough skin. (AC +1)


Message History

You block the gnoll sergeant's attack.
You mangle the orc!!
You kill the orc!
Trog accepts your kill. The orc warrior barely misses you.
The gnoll sergeant hits you from afar with a +0 spear.
You block the gnoll's attack.
The orc warrior hits you with a +0 glaive!
The gnoll sergeant barely misses you. The gnoll sergeant closely misses you.
The gnoll hits you with a +0 flail.
The orc warrior hits you with a +0 glaive.
There is an open door, spattered with blood here.
Items here: ( ))))))))) [[[[ ††††.
You mangle the gnoll!!
You kill the gnoll!
Trog accepts your kill.
The gnoll sergeant hits you with a +0 spear.
You block the orc warrior's attack.
You mangle the troll!!
The troll is severely wounded.
The troll bites you but does no damage. The troll claws you!
The troll claws you. You block the gnoll sergeant's attack.
The orc warrior hits you with a +0 glaive!
* * * LOW HITPOINT WARNING * * *
You mangle the troll!!
You kill the troll!
Trog accepts your kill.
The orc warrior hits you with a +0 glaive.
* * * LOW HITPOINT WARNING * * *
The gnoll sergeant hits you with a +0 spear.
* * * LOW HITPOINT WARNING * * *
The orc hits you but does no damage.
The orc warrior hits you with a +0 glaive!
* * * LOW HITPOINT WARNING * * *
The gnoll sergeant barely misses you. The orc attacks as you move away!
The orc hits you but does no damage.
The gnoll sergeant hits you from afar with a +0 spear.
* * * LOW HITPOINT WARNING * * *
The orc warrior hits you from afar with a +0 glaive!
You die...

# ###............###......# #
##............#...#......# #
#..#..[.......###.#8...8.#
###.##..........###........##
'...##...........##8.<.∩.>.8#
################.###.......##
# #8..g8#.# ##8...8##
#.[.og#.# ####.#### #
#..Oggo@# #.......# #
#####....o#)# #.......#
######...#8...8#.# +.......#
.......#########.# #.......#
######## #.# #.. #.......# #
#.# ### #.......# # #.#
#.......# # #.# #####'### #.#
###..#


You could see an orc warrior, an ogre, a gnoll sergeant, 3 gnolls and 2 orcs.

Vanquished Creatures
  Erolcha (D:9)
  A two-headed ogre (D:9)
  Pikel (D:4)
  Joseph (D:7)
  2 trolls (D:9)
  Grinder (D:3)
  A shadow (D:9)
  Grum (D:9)
  A steam dragon (D:9)
  3 water moccasins
  5 orc warriors
  An ice beast (D:5)
  2 centaurs
  3 ogres
  9 wolves (D:9)
  2 kobold brigands
  5 bullfrogs
  3 necrophages
  2 scorpions
  5 wights (D:8)
  4 killer bees (D:7)
  4 electric eels (D:9)
  2 howler monkeys
  8 hounds
  A gnoll bouda (D:7)
  A jelly (D:5)
  3 orc priests
  Crazy Yiuf (D:3)
  Jessica (D:3)
  2 iguanas (D:6)
  Natasha (thrice) (D:3)
  7 orc wizards
  8 gnolls
  10 adders
  2 white imps
  2 ufetubi (D:5)
  A worm (D:2)
  4 dart slugs
  27 orcs
  7 bats
  5 endoplasms
  6 giant cockroaches
  5 goblins
  5 hobgoblins
  2 quokkas
  5 ball pythons (D:1)
  4 frilled lizards
  8 kobolds
  6 rats
194 creatures vanquished.

Notes
Turn   | Place    | Note
-------+----------+-------------------------------------------
     0 | D:1      | koil the Troll Berserker began the quest for the Orb.
     0 | D:1      | Reached XP level 1. HP: 22/22 MP: 0/0
    96 | D:1      | Reached XP level 2. HP: 29/29 MP: 1/1
   235 | D:1      | Reached skill level 1 in Armour
   667 | D:1      | Reached ** piety under Trog
   752 | D:2      | Reached XP level 3. HP: 36/36 MP: 2/2
   945 | D:2      | Found a hazy altar of Hepliaklqana.
  1115 | D:2      | Found a faded altar of an unknown god.
  1708 | D:3      | Noticed Jessica
  1714 | D:3      | Killed Jessica
  1715 | D:3      | Reached XP level 4. HP: 41/44 MP: 3/3
  1809 | D:3      | Found a hide-covered altar of Uskayaw.
  2025 | D:3      | Noticed Grinder
  2027 | D:3      | Found Vustutet's General Store.
  2031 | D:3      | Paralysed by Grinder for 2 turns
  2096 | D:3      | Reached XP level 5. HP: 50/53 MP: 4/4
  2158 | D:3      | Paralysed by Grinder for 5 turns
  2172 | D:3      | Killed Grinder
  2173 | D:3      | Reached XP level 6. HP: 61/61 MP: 5/5
  2221 | D:3      | Found a runed translucent door.
  2222 | D:3      | Noticed Crazy Yiuf
  2336 | D:3      | Noticed Natasha
  2341 | D:3      | Killed Natasha
  2561 | D:3      | Noticed Natasha
  2567 | D:3      | Killed Natasha
  2632 | D:3      | Noticed Natasha
  2638 | D:3      | Killed Natasha
  2697 | D:3      | Killed Crazy Yiuf
  2791 | D:4      | Noticed Pikel
  2799 | D:4      | Killed Pikel
  2800 | D:4      | Reached XP level 7. HP: 70/70 MP: 6/6
  2804 | D:4      | Reached skill level 5 in Unarmed Combat
  2973 | D:4      | Reached *** piety under Trog
  3090 | D:4      | Found a glowing silver altar of Zin.
  3090 | D:4      | Found a stormy altar of Qazlal.
  3260 | D:5      | Entered Level 5 of the Dungeon
  3265 | D:5      | Reached XP level 8. HP: 78/78 MP: 7/7
  3363 | D:5      | Reached skill level 5 in Armour
  4264 | D:6      | Found a staircase to the Ecumenical Temple.
  4790 | Temple   | Entered the Ecumenical Temple
  4790 | Temple   | Found a transporter.
  4790 | Temple   | Found a transporter.
  4792 | Temple   | Found a transporter.
  4792 | Temple   | Found a transporter.
  4809 | Temple   | Identified a scroll of acquirement
  4809 | Temple   | Acquired 1027 gold pieces
  5560 | D:7      | Reached skill level 5 in Fighting
  5560 | D:7      | Reached skill level 5 in Dodging
  5573 | D:7      | Reached XP level 9. HP: 88/88 MP: 8/8
  5638 | D:7      | Noticed Joseph
  5654 | D:7      | Killed Joseph
  5861 | D:7      | Reached **** piety under Trog
  6776 | D:9      | Noticed a troll
  6793 | D:9      | Killed a troll
  6820 | D:9      | Reached XP level 10. HP: 65/98 MP: 9/9
  6827 | D:9      | Found a staircase to the Lair.
  6854 | D:9      | HP: 29/147 [wolf (3)]
  6860 | D:9      | HP: 16/98 [wolf (3)]
  7005 | D:9      | Noticed Grum
  7028 | D:9      | Killed Grum
  7228 | D:9      | Noticed a two-headed ogre
  7238 | D:9      | Killed a two-headed ogre
  7481 | D:9      | Noticed Erolcha
  7497 | D:9      | Killed Erolcha
  7653 | D:9      | Found Qiemigg's Jewellery Shoppe.
  7683 | D:9      | Found a staircase to the Orcish Mines.
  7713 | D:9      | HP: 6/100 [orc warrior/+0 glaive (15)]
  7714 | D:9      | Mangled by an orc warrior

Illustrated notes

Levels and vault maps discovered:
D:1:      wander_arrival_peaceful_grave, layout_basic,
          chequers_serial_rivers_large_b, minmay_split_cup_small
D:2:      layout_basic, basic_altar, dreamdust_ecumenical_altar_grove,
          minmay_pentomino_z4
D:3:      layout_loops_corners, mainiacjoe_overflow_concentric_impassable,
          serial_shops, shop_statue, uniq_natasha, uniq_crazy_yiuf_cottage,
          uniq_jessica, uniq_grinder
D:4:      layout_rooms, gammafunk_temple_overflow_statue,
          ebering_dispersal_statue_hall, uniq_pikel
D:5:      layout_cave_pools
D:6:      layout_layer_cave, minmay_temple_entry_butterflies
D:7:      nicolae_cairo_tiling_large, layout_cave_pools, serial_column_ruins,
          column_ruins_grid_1, column_ruins_open_large,
          column_ruins_corridor_straight, column_ruins_grid_4,
          column_ruins_open_small, kennysheep_pointless_box, uniq_joseph
D:8:      layout_gridville
D:9:      layout_roguey, erik_lair_island,
          kennysheep_orc_monster_closet_entryway, serial_shops,
          nicolae_stop_n_shop_2, minivault_27, kennysheep_small_spiral,
          uniq_grum, uniq_erolcha
Temple:   hellmonk_temple_divided_pantheon

Skill      XL: |  1  2  3  4  5  6  7  8  9 10 |
---------------+-------------------------------+-----
Armour         | 1 2 3 4 6 7 8 |  8.9
Fighting       | 3 4 5 6 |  6.8
Dodging        | 3 4 5 6 |  6.8
Unarmed Combat | 4 5 6 7 8 |  8.2

Action                   |  1- 3 |  4- 6 |  7- 9 | 10-12 || total
-------------------------+-------+-------+-------+-------++-------
Melee: Unarmed           |   112 |    70 |   220 |    93 ||   495
       Punch             |     2 |       |     5 |     5 ||    12
Invok: Berserk           |       |     4 |     3 |     6 ||    13
       Trog's Hand       |       |       |       |     1 ||     1
Evoke: Wand              |       |       |     1 |     7 ||     8
  Use: Scroll            |       |       |    20 |       ||    20
       Potion            |       |       |     4 |       ||     4
Armor: Animal skin       |    29 |    24 |    58 |    26 ||   137
Dodge: Dodged            |    47 |    24 |   107 |    43 ||   221
Block: Other             |    14 |    14 |    50 |    26 ||   104
       Reflection        |       |       |     4 |     1 ||     5

Table legend: (Time is in decaauts)
 A = Elapsed time spent in this place.
 B = Non-inter-level travel time spent in this place.
 C = Inter-level travel time spent in this place.
 D = Time resting spent in this place.
 E = Time spent auto-exploring this place.
 F = Levels seen in this place.
 G = Mean time per level.
                   A        B        C        D        E       F      G
               +--------+--------+--------+--------+--------+-----+--------+
         Total |   7811 |   7458 |    353 |   1142 |   5104 |  10 |  781.1 |
       Dungeon |   7115 |   6762 |    353 |    510 |   5104 |   9 |  790.6 |
        Temple |    696 |    696 |      0 |    632 |      0 |   1 |  696.0 |
               +--------+--------+--------+--------+--------+-----+--------+

Top non-repeatable levels by time:
     D:3: 1149 daAuts
     D:9: 1011 daAuts
     D:6: 983 daAuts
     D:2: 903 daAuts
     D:1: 766 daAuts
     D:7: 732 daAuts
  Temple: 696 daAuts
     D:5: 565 daAuts
     D:8: 515 daAuts
     D:4: 487 daAuts
